 Dungeon Crawl Stone Soup version 0.27-a0-498-g7ecbb0a48f (webtiles) character file.

Game seed: 15591547920053773413

786 HoaS the Grappler (level 7, -12/53 HPs)
             Began as a Demigod Gladiator on Mar 2, 2021.
             Mangled by Pikel
             ... wielding a +1 whip of electrocution
              (14 damage)
             ... on level 5 of the Dungeon.
             The game lasted 00:10:26 (4581 turns).

HoaS the Grappler (Demigod Gladiator)               Turns: 4581, Time: 00:10:26

Health: -12/53     AC: 12    Str: 23    XL:     7   Next: 30%
Magic:  9/9        EV:  9    Int: 10    God:
Gold:   330        SH:  0    Dex: 15    Spells: 6/6 levels left

rFire    . . .     SeeInvis .     - Unarmed
rCold    . . .     Faith    .   (no shield)
rNeg     . . .     Spirit   .   d - +0 chain mail
rPois    .         Reflect  .   b - +1 helmet
rElec    .         Harm     .   g - +1 cloak
rCorr    .         Rampage  .   (no gloves)
Will     .....                  (no boots)
Stlth    ..........             (no amulet)
HPRegen  0.17/turn              (no ring)
MPRegen  0.11/turn              (no ring)

@: no status effects
A: high mp 1
a: no special abilities


You were on level 5 of the Dungeon.
You visited 1 branch of the dungeon, and saw 5 of its levels.

You collected 330 gold pieces.

Inventory:

Missiles
 a - 4 poisoned darts
 c - a throwing net (quivered)
 k - 17 boomerangs
Armour
 b - a +1 helmet (worn)
 d - a +0 chain mail (worn)
 g - a +1 cloak (worn)
Scrolls
 h - 6 scrolls of identify
 j - a scroll of magic mapping
Potions
 e - a potion of invisibility
 f - a potion of might
 i - 2 potions of brilliance {unknown}


   Skills:
 - Level 1.7 Fighting
 - Level 1.7 Throwing
 - Level 2.6 Dodging
 + Level 8.3 Unarmed Combat


You had 6 spell levels left.
You didn't know any spells.
Your spell library was empty.

Dungeon Overview and Level Annotations

Branches:
Dungeon (5/15)
 Temple: D:4-7

Shops:
D:4 =

Annotations:
D:5 Pikel


Innate Abilities, Weirdness & Mutations

You have an increased reservoir of magic. (+10% MP)


Message History

Press: ? - help, Shift-Dir - straight line, f/p - Pikel
Aim: Pikel, wielding a +1 whip of electrocution and wearing a +0 robe (moderately wounded, 50% to hit)
You throw a throwing net. The throwing net hits Pikel.
Pikel is caught in the net!
Pikel is moderately wounded.
Pikel struggles against the net.
You catch the helpless Pikel completely off-guard!
You hit Pikel.
Pikel is heavily wounded.
Pikel struggles against the net.
You hit Pikel.
Pikel is heavily wounded.
Pikel struggles against the net.
You catch the helpless Pikel completely off-guard!
You punch Pikel!
Pikel is severely wounded.
Pikel struggles against the net.
You hit Pikel but do no damage.
Pikel is severely wounded.
Pikel struggles against the net.
You strike the helpless Pikel from behind!
You hit Pikel.
Pikel is almost dead.
You completely miss Pikel.
Pikel is almost dead.
Pikel struggles against the net.
The net rips apart, and Pikel comes free!
You closely miss Pikel.
Pikel is almost dead.
Pikel closely misses you.
Your chain mail prevents you from hitting Pikel.
You punch Pikel.
Pikel is almost dead.
Pikel closely misses you.
You hit Pikel.
Pikel is almost dead.
Pikel hits you with a +1 whip of electrocution.
* * * LOW HITPOINT WARNING * * *
You are electrocuted!
You die...

###### #....#
######....##############
............555K@......##########
#.#.##....############...........
#.#.####### #.########## #.#.#
#.# .Y..# #†# #.####. #.# ####
#...... #.# .... ....... #.. .###
#.5.... ###


You could see Pikel and 3 lemures.

Vanquished Creatures
  Sigmund (D:5)
  A sky beast (D:5)
  A lemure (D:5)
  2 hounds (D:5)
  2 jellies (D:5)
  2 orc priests
  2 bullfrog skeletons
  3 orc wizards
  2 worker ants (D:4)
  3 adders
  A howler monkey skeleton (D:5)
  2 oozes (D:4)
  4 dart slugs
  3 leopard geckos
  26 orcs
  6 bats
  4 giant cockroaches
  5 goblins
  6 hobgoblins
  7 jackals
  5 kobolds
  A quokka (D:4)
  4 frilled lizards
  8 rats
101 creatures vanquished.

Vanquished Creatures (others)
  5 toadstools (D:3)
5 creatures vanquished.

Grand Total: 106 creatures vanquished

Notes
Turn   | Place    | Note
-------+----------+-------------------------------------------
     0 | D:1      | HoaS the Demigod Gladiator began the quest for the Orb.
     0 | D:1      | Reached XP level 1. HP: 17/17 MP: 3/3
    34 | D:1      | Reached skill level 3 in Unarmed Combat
   249 | D:1      | Reached XP level 2. HP: 23/24 MP: 4/4
   911 | D:2      | Reached skill level 4 in Unarmed Combat
   911 | D:2      | Reached XP level 3. HP: 17/29 MP: 5/5
  1477 | D:2      | Found a hazy altar of Hepliaklqana.
  1646 | D:2      | Reached XP level 4. HP: 36/36 MP: 6/6
  1975 | D:3      | Reached skill level 5 in Unarmed Combat
  2528 | D:3      | Reached XP level 5. HP: 31/41 MP: 7/7
  2781 | D:3      | Found a shimmering blue altar of Sif Muna.
  2782 | D:3      | Found a broken altar of Ashenzari.
  2843 | D:4      | Found Radoubed's Jewellery Emporium.
  2890 | D:4      | Reached skill level 6 in Unarmed Combat
  3398 | D:3      | Reached XP level 6. HP: 10/48 MP: 8/8
  4012 | D:5      | Entered Level 5 of the Dungeon
  4046 | D:5      | Reached skill level 7 in Unarmed Combat
  4215 | D:5      | Noticed Sigmund
  4230 | D:5      | Killed Sigmund
  4296 | D:5      | Reached XP level 7. HP: 40/53 MP: 9/9
  4475 | D:5      | Reached skill level 8 in Unarmed Combat
  4514 | D:5      | Noticed Pikel
  4581 | D:5      | HP: 2/53 [Pikel/+1 whip of electrocution (5)]
  4581 | D:5      | Mangled by Pikel

Illustrated notes

Levels and vault maps discovered:
D:1:      minmay_arrival_plants_in_alcoves, layout_loops_corners
D:2:      layout_rooms, nzn_hepliaklqana_mist_gate, kennysheep_generic_room_8
D:3:      layout_loops_ring, gammafunk_temple_overflow_statue,
          minmay_gold_behind_fungi
D:4:      layout_loops_ring, serial_shops, nicolae_shop_stone
D:5:      layout_basic, moated_statue, uniq_pikel, uniq_sigmund,
          uniq_blork_the_orc, uniq_eustachio

Skill      XL: |  1  2  3  4  5  6  7 |
---------------+----------------------+-----
Unarmed Combat | 3 4 5 6 7 8 |  8.3
Fighting       | |  1.7
Throwing       | |  1.7
Dodging        | |  2.6

Action                   |  1- 3 |  4- 6 |  7- 9 || total
-------------------------+-------+-------+-------++-------
Melee: Unarmed           |   141 |   290 |    52 ||   483
       Punch             |     2 |     6 |     4 ||    12
Throw: Dart              |       |     4 |       ||     4
       Throwing net      |       |     3 |     2 ||     5
       Boomerang         |       |     2 |       ||     2
  Use: Scroll            |     7 |     3 |     1 ||    11
 Stab: Held in net/web   |       |       |     3 ||     3
Armor: Chain mail        |    77 |   114 |    23 ||   214
       Leather armour    |     6 |       |       ||     6
Dodge: Dodged            |    73 |   107 |    10 ||   190

Table legend: (Time is in decaauts)
 A = Elapsed time spent in this place.
 B = Non-inter-level travel time spent in this place.
 C = Inter-level travel time spent in this place.
 D = Time resting spent in this place.
 E = Time spent auto-exploring this place.
 F = Levels seen in this place.
 G = Mean time per level.
                   A        B        C        D        E       F      G
               +--------+--------+--------+--------+--------+-----+--------+
         Total |   4531 |   4395 |    136 |   1137 |   2373 |   5 |  906.2 |
       Dungeon |   4531 |   4395 |    136 |   1137 |   2373 |   5 |  906.2 |
               +--------+--------+--------+--------+--------+-----+--------+

Top non-repeatable levels by time:
     D:3: 1311 daAuts
     D:2: 898 daAuts
     D:4: 894 daAuts
     D:1: 869 daAuts
     D:5: 557 daAuts
